 Dungeon Crawl Stone Soup version 0.19.5 (webtiles) character file.

156283 Trixie the Black Belt (level 17, -7/150 HPs)
             Began as a Minotaur Monk on Mar 9, 2017.
             Was the Champion of Okawaru.
             Mangled by a water elemental (11 damage)
             ... on level 4 of the Shoals on Mar 10, 2017.
             The game lasted 01:45:46 (38129 turns).

Trixie the Black Belt (Minotaur Monk)              Turns: 38129, Time: 01:45:47

Health: -7/150     AC: 32    Str: 19 (20) XL:     17   Next: 10%
Magic:  16/20      EV: 14    Int:  6 (7)  God:    Okawaru [******]
Gold:   531        SH: 12    Dex: 18 (19) Spells: 0 memorised, 16 levels left

rFire  + . .     SeeInvis .       - Unarmed
rCold  + + .     Gourm    .     t - +0 crystal plate armour
rNeg   . . .     Faith    .     X - +0 shield {rPois}
rPois  +         Spirit   .     d - +2 hat of the Morning Star {Str+3}
rElec  +         Reflect  .     e - +1 cloak of Starlight {rElec rC+ EV+4 Stlth--}
rCorr  .         Harm     .     r - +2 pair of gloves
MR     ++...                    g - +0 pair of boots
Stlth  ..........               G - amulet of regeneration
                                C - ring of protection from fire
                                p - +4 ring of slaying

@: about to teleport, finesse, engulfed (cannot breathe), mesmerised, drained
A: retaliatory headbutt, horns 2, cold resistance 1, magic resistance 1
a: Heroism, Finesse, Renounce Religion


You were on level 4 of the Shoals.
You worshipped Okawaru.
Okawaru was exalted by your worship.
You were near starving.

You visited 7 branches of the dungeon, and saw 31 of its levels.
You also visited: Ossuary.

You collected 2495 gold pieces.
You spent 1964 gold pieces at shops.

Inventory:

Armour
 d - the +2 hat of the Morning Star (worn) {Str+3}
   (Okawaru gifted it to you on level 10 of the Dungeon)

   It affects your strength (+3).
 e - the +1 cloak of Starlight (worn) {rElec rC+ EV+4 Stlth--}
   (You bought it in a shop on level 2 of the Orcish Mines)

   It affects your evasion (+4).
   It protects you from cold.
   It insulates you from electricity.
   It makes you much less stealthy.
 g - a +0 pair of boots (worn)
 r - a +2 pair of gloves (worn)
 t - a +0 crystal plate armour (worn)
 O - the +5 leather armour of Classification {rElec rF+ Stlth+}
   (You found it on level 9 of the Dungeon)

   It protects you from fire.
   It insulates you from electricity.
   It makes you more stealthy.
 X - a +0 shield of poison resistance (worn)
Jewellery
 i - the ring of Meenekups {rCorr rPois rC+}
   (You bought it in a shop on level 2 of the Orcish Mines)

   [ring of resist corrosion]

   It protects you from cold.
   It protects you from poison.
 m - the ring of Apavost {rF+ Str+2 Dex+4, unknown}
   (You found it on level 4 of the Shoals)

   [ring of dexterity]

   It affects your strength (+2).
   It affects your dexterity (+4).
   It protects you from fire.
 p - a +4 ring of slaying (left hand)
 C - a ring of protection from fire (right hand)
 G - an amulet of regeneration (around neck)
 J - a +3 ring of protection
 K - a cursed ring of teleportation {unknown}
 Z - an uncursed amulet of the gourmand
Wands
 f - a wand of iceblast (5/15)
 o - a wand of flame (34/48)
 y - a wand of teleportation (1/9)
 E - a wand of digging (20/24)
 I - a wand of iceblast (5/15)
 P - a wand of hasting (5/9)
 S - a wand of polymorph (9/24)
 V - a wand of lightning (7/15)
Scrolls
 a - 4 scrolls of teleportation
 c - 3 scrolls of remove curse
 j - 3 scrolls of brand weapon
 q - 6 scrolls of recharging
 s - 5 scrolls of enchant weapon
 u - 5 scrolls of fear
 x - 2 scrolls of magic mapping
 F - a scroll of blinking
 Y - 4 scrolls of amnesia
Potions
 h - 2 potions of brilliance
 k - a potion of resistance
 n - 2 potions of invisibility
 v - 4 potions of haste {unknown}
 w - 4 potions of agility {unknown}
 A - 5 potions of flight
 B - 4 potions of lignification
 H - 2 potions of might
 L - 2 potions of berserk rage
 N - 6 potions of cure mutation
 R - 2 potions of ambrosia
Books
 l - a book of Changes

   Spells                             Type                      Level
   a - Beastly Appendage              Transmutation                1
   b - Sticks to Snakes               Transmutation                2
   c - Spider Form                    Transmutation/Poison         3
   d - Ice Form                       Ice/Transmutation            4
   e - Blade Hands                    Transmutation                5
Comestibles
 b - 11 bread rations
 z - 7 meat rations
 D - 3 slices of pizza
 W - 4 royal jellies


   Skills:
 - Level 13.5(13.3) Fighting
 + Level 14.4(14.2) Armour
 + Level 17.1(16.9) Dodging
 - Level 1.6(1.5) Stealth
 - Level 10.9(10.7) Shields
 - Level 19.0(18.8) Unarmed Combat
 - Level 6.1(6.0) Invocations


You had 16 spell levels left.
You didn't know any spells.

Dungeon Overview and Level Annotations

Branches:
Dungeon (15/15)            Temple (1/1) D:4            Lair (6/6) D:11
 Shoals (4/4) Lair:4        Snake (0/4) Lair:4        Slime (0/5) Lair:6
    Orc (2/2) D:12            Elf (1/3) Orc:2        Vaults (0/5) D:13
 Depths (2/5) D:15

Altars:
Ashenzari
Cheibriados
Dithmenos
Elyvilon
Fedhas
Gozag
Hepliaklqana
Kikubaaqudgha
Makhleb
Nemelex Xobeh
Okawaru
Qazlal
Ru
Sif Muna
Trog
Uskayaw
Vehumet
Xom
Yredelemnul
Zin
The Shining One
Beogh

Shops:
D:7 [[   D:11 !   Orc:1 =   Orc:2 [=[:[

Portals:
Hell: Lair:6 Depths:1
Abyss: Depths:1

Annotations:
Lair:6 exclusion: oklob plant
Shoals:4 Ilsuiw


Innate Abilities, Weirdness & Mutations

You reflexively headbutt those who attack you in melee.
You have a pair of horns on your head.
Your flesh is cold resistant. (rC+)
You are resistant to hostile enchantments. (MR+)


Message History

You block the water elemental's attack. The merfolk closely misses you.
The siren chants its luring song.
Unknown command.
Unknown command.
Unknown command.
Unknown command.
You cannot cast spells while unable to breathe!
Unknown command.
Zapping:
y - a wand of teleportation (will waste charges)
Press: ? - help, Shift-Dir - straight line, f - you You feel strangely unstable.
Evoking this partially-identified wand wasted a few charges.
* * * LOW HITPOINT WARNING * * *
Your lungs strain for air!
The merfolk javelineer throws a poisoned javelin.
The poisoned javelin closely misses you.
The poisoned javelin hits the water elemental.
The siren chants its luring song.
You block the water elemental's attack. The water elemental hits you!
You die...

≈≈≈÷.PPPP≈≈≈≈≈≈≈PP## $≈
≈≈≈≈P.PPP≈≈≈≈≈≈≈≈.# ....
≈≈≈≈≈.PPP≈≈≈≈≈≈≈≈.###.....
≈≈≈..PPPPP≈≈≈≈≈≈PP≈≈≈≈....
≈...P...PPP≈≈≈PPP≈≈≈≈≈...[
≈...P.≈P≈PPP≈P≈P≈≈≈≈P≈....
≈......P≈≈PP≈≈(EE{E≈≈.....
≈..#...≈≈≈PPP≈EEmm≈≈≈.....
≈≈.....≈≈≈P≈≈≈EE@mm≈≈.≈#
≈≈≈..≈≈≈≈≈P≈≈#####S≈.≈#≈≈
≈≈≈≈≈≈.≈P≈≈≈## ##..#≈≈≈≈
≈≈≈≈≈≈.≈≈≈≈≈# ..≈≈≈≈≈
≈≈≈≈≈≈≈≈≈≈≈≈# ..#≈≈≈≈
≈≈≈≈≈≈≈≈≈≈≈≈# ..≈ ≈≈≈
.≈≈≈≈≈≈≈≈≈≈≈# ...≈ ≈#
..≈≈≈≈≈≈≈≈≈≈≈ ≈.(.. .
#..≈≈≈≈≈≈≈≈≈≈≈ ≈≈≈...


You could see a merfolk javelineer, a sea snake, a merfolk, 7 water elementals
and 2 sirens.

Vanquished Creatures
  An ancient lich (Depths:1)
  Saint Roka (Depths:1)
  3 liches
  Frances (Shoals:1)
  4 stone giants
  2 draconian annihilators
  A dire elephant (Lair:6)
  Azrael (D:15)
  A deep elf annihilator (Depths:1)
  An ettin (Depths:1)
  2 merfolk impalers
  Snorg (Orc:1)
  A fire dragon (Depths:2)
  A great orb of eyes (Depths:2)
  Josephine (D:15)
  3 ice dragons
  A catoblepas (D:15)
  7 hydras
  A spriggan air mage (Depths:2)
  4 vault guards
  7 centaur warriors
  Erica (D:9)
  5 ogre magi
  A death knight (D:12)
  A satyr (Shoals:4)
  The ghost of tof the Basher, a novice MiBe of Trog (D:8)
  3 merfolk aquamancers
  An alligator snapping turtle (Shoals:3)
  5 death yaks (Lair:4)
  2 tengu warriors (Depths:2)
  Urug (Lair:2)
  A deep elf knight (Orc:2)
  A sun demon (Lair:6)
  A sixfirhy (Lair:6)
  A glowing orange brain (Depths:1)
  3 unseen horrors
  3 sea snakes
  A skeletal warrior (D:12)
  A swamp dragon (shapeshifter) (Depths:2)
  3 harpies (Shoals:4)
  Pikel (D:6)
  5 hill giants
  2 orc sorcerers
  9 deep elf magi
  3 orc knights
  3 wizards
  8 manticores
  7 ugly things
  4 fauns
  A siren (Shoals:1)
  4 cyclopes
  6 black mambas
  2 water nymphs
  3 naga magi (D:15)
  10 elephants
  2 orange demons (Lair:6)
  6 gargoyles
  A smoke demon (Lair:6)
  13 spiny frogs
  4 yaktaurs (Depths:1)
  2 rime drakes
  A rime drake (shapeshifter) (Depths:2)
  A kobold demonologist (D:11)
  9 komodo dragons
  3 tengu conjurers
  8 trolls
  7 merfolk
  3 ice devils (Lair:6)
  3 red devils (Lair:6)
  3 wind drakes
  6 meliai (D:14)
  9 two-headed ogres
  17 blink frogs
  3 snapping turtles
  Prince Ribbit (D:7)
  7 slime creatures
  2 dream sheep (Lair:6)
  A meliai zombie (D:13)
  18 hippogriffs
  3 air elementals (Depths:2)
  8 wraiths
  4 wyverns
  A vampire (D:15)
  A hog (shapeshifter) (Depths:1)
  30 yaks
  Eustachio (D:6)
  9 water elementals
  A yak (shapeshifter) (D:13)
  3 fire elementals (D:15)
  A steam dragon (D:13)
  2 basilisks
  5 hungry ghosts
  2 humans (shapeshifter)
  4 vampire mosquitoes (D:14)
  2 nagas (Lair:4)
  A mottled dragon (D:13)
  3 wargs
  11 water moccasins
  2 soldier ants
  2 hell hounds
  Duvessa (D:5)
  6 porcupines
  A slave (D:6)
  2 black bears
  43 orc warriors
  3 eyes of draining
  A phantom (D:8)
  A necrophage (D:13)
  2 sky beasts
  2 boggarts (Depths:2)
  6 ice beasts
  31 ogres
  28 wolves
  25 centaurs
  17 crocodiles
  6 big kobolds
  16 bullfrogs
  Dowan (D:5)
  3 wyvern skeletons
  A scorpion (D:5)
  15 killer bees
  7 wights
  3 howler monkeys (D:11)
  2 bullfrog zombies (D:12)
  12 crimson imps
  A centaur zombie (D:9)
  7 centaur skeletons
  8 hounds
  17 orc priests
  13 jellies
  17 orc wizards
  2 bullfrog skeletons
  5 iguanas
  7 hell rats
  9 worker ants
  A hound skeleton (D:4)
  A mummy (Ossuary)
  7 gnolls
  11 adders
  A river rat (D:11)
  2 shadow imps
  8 oozes
  An adder skeleton (D:6)
  3 worms
  3 dart slugs
  7 leopard geckos
  114 orcs
  11 bats
  5 giant cockroaches
  2 gnoll zombies (D:3)
  6 goblins
  7 hobgoblins
  5 jackals
  35 kobolds
  5 quokkas
  2 ball pythons
  A frilled lizard (D:1)
  A gnoll skeleton (Ossuary)
  5 kobold skeletons (Ossuary)
  A leopard gecko skeleton (D:6)
  A leopard gecko zombie (D:8)
  6 orc skeletons (Ossuary)
  A quokka zombie (D:5)
  11 rats
  7 fungi
967 creatures vanquished.

Vanquished Creatures (others)
  An elephant (Lair:6)
  2 yaktaurs
  A two-headed ogre (Depths:2)
  3 dream sheep (Lair:6)
  A slime creature (Depths:2)
  An orc warrior (Depths:1)
  An ogre (Depths:2)
  A boggart (Depths:2)
  A centaur (D:15)
  A crimson imp (D:13)
  A goblin (D:3)
  7 fungi (Lair:6)
  9 plants
30 creatures vanquished.

Grand Total: 997 creatures vanquished

Notes
Turn   | Place    | Note
-------+----------+-------------------------------------------
     0 | D:1      | Trixie the Minotaur Monk began the quest for the Orb.
     0 | D:1      | Reached XP level 1. HP: 19/19 MP: 0/0
   125 | D:1      | Found a shimmering altar of Xom.
   168 | D:1      | Reached XP level 2. HP: 25/27 MP: 1/1
   357 | D:1      | You fall through a shaft!
   679 | D:2      | Found an ancient bone altar of Kikubaaqudgha.
   718 | D:2      | Reached XP level 3. HP: 33/33 MP: 2/2
   765 | D:2      | Reached skill level 4 in Unarmed Combat
  1202 | D:2      | Reached XP level 4. HP: 40/40 MP: 3/3
  1286 | D:3      | Found a faded altar of an unknown god.
  1413 | D:3      | Reached skill level 1 in Armour
  1569 | D:3      | Reached skill level 5 in Unarmed Combat
  1618 | D:3      | Found a basalt altar of Yredelemnul.
  1683 | D:3      | Found a deep blue altar of Sif Muna.
  1683 | D:3      | Found a faded altar of an unknown god.
  1688 | D:3      | Found a faded altar of an unknown god.
  1690 | D:3      | Found a faded altar of an unknown god.
  1693 | D:3      | Found a faded altar of an unknown god.
  1726 | D:3      | Reached XP level 5. HP: 34/46 MP: 4/4
  1983 | D:4      | Found a staircase to the Ecumenical Temple.
  2007 | D:4      | Found a sand-covered staircase.
  2016 | Ossuary  | Entered an ossuary
  2016 | Ossuary  | Noticed a wraith
  2016 | Ossuary  | Noticed a wraith
  2016 | Ossuary  | Noticed a wraith
  2189 | Ossuary  | Noticed a wraith
  2219 | Ossuary  | HP: 1/46 [wraith (6)]
  2570 | D:4      | Reached skill level 6 in Unarmed Combat
  2658 | Temple   | Entered the Ecumenical Temple
  2834 | D:4      | Reached XP level 6. HP: 50/52 MP: 5/5
  2887 | D:5      | Entered Level 5 of the Dungeon
  2946 | D:5      | Reached skill level 7 in Unarmed Combat
  2963 | D:5      | Found a bloodstained altar of Trog.
  2975 | D:5      | Noticed a sky beast
  2985 | D:5      | Killed a sky beast
  3033 | D:5      | Reached skill level 8 in Unarmed Combat
  3087 | D:5      | Reached XP level 7. HP: 44/59 MP: 6/6
  3619 | D:5      | Noticed Duvessa
  3620 | D:5      | Noticed Dowan
  3620 | D:5      | Found a shadowy altar of Dithmenos.
  3629 | D:5      | Killed Duvessa
  3629 | D:5      | Reached skill level 9 in Unarmed Combat
  3634 | D:5      | Killed Dowan
  3822 | D:6      | Noticed Eustachio
  3832 | D:6      | Killed Eustachio
  3832 | D:6      | Reached skill level 10 in Unarmed Combat
  3832 | D:6      | Reached XP level 8. HP: 51/66 MP: 7/7
  3906 | D:6      | Noticed Pikel
  3967 | D:6      | Killed Pikel
  4104 | D:6      | Found a sparkling altar of Nemelex Xobeh.
  4118 | D:6      | Found an iron altar of Okawaru.
  4126 | D:6      | Became a worshipper of Warmaster Okawaru
  4126 | D:6      | Reached * piety under Okawaru
  4126 | D:6      | Reached ** piety under Okawaru
  4272 | D:6      | Reached skill level 1 in Invocations
  4455 | D:6      | Reached XP level 9. HP: 66/71 MP: 8/8
  4843 | D:7      | Found a white marble altar of Elyvilon.
  4854 | D:7      | Noticed Prince Ribbit
  4859 | D:7      | Killed Prince Ribbit
  4962 | D:7      | Found Mamocum's Armour Shoppe.
  4966 | D:7      | Reached *** piety under Okawaru
  4966 | D:7      | Reached skill level 10 in Dodging
  5218 | D:7      | Found Bon Ydec's Antique Armour Shop.
  5713 | D:8      | Found an opulent altar of Gozag.
  5745 | D:8      | Reached **** piety under Okawaru
  6319 | D:8      | Reached XP level 10. HP: 71/78 MP: 9/9
  6334 | D:8      | Noticed tof's ghost (novice MiBe)
  6355 | D:8      | Killed tof's ghost
  6355 | D:8      | Reached skill level 5 in Armour
  6587 | D:9      | Found a snail-covered altar of Cheibriados.
  6596 | D:9      | Got a transparent leather armour
  6609 | D:9      | Identified the +5 leather armour of Classification {rElec rF+ Stlth+} (You found it on level 9 of the Dungeon)
  6673 | D:9      | Found a radiant altar of Vehumet.
  6917 | D:9      | Found a burning altar of Makhleb.
  6927 | D:9      | Noticed Erica
  6936 | D:9      | Killed Erica
  7081 | D:9      | Found a blossoming altar of Fedhas.
  7325 | D:9      | Noticed a manticore
  7332 | D:9      | Killed a manticore
  7332 | D:9      | Reached ***** piety under Okawaru
  7648 | D:10     | Entered Level 10 of the Dungeon
  7781 | D:10     | HP: 3/78 [something (9)]
  8038 | D:10     | Received a gift from Okawaru
  8041 | D:10     | Got a polished hat {god gift}
  8048 | D:10     | Identified the +2 hat of the Morning Star {Str+3} (Okawaru gifted it to you on level 10 of the Dungeon)
  8110 | D:10     | Reached skill level 10 in Armour
  9010 | D:11     | Found Ahiben's Distillery.
  9051 | D:11     | Found a hide-covered altar of Uskayaw.
  9159 | D:12     | Killed an unseen horror
  9159 | D:12     | Reached XP level 11. HP: 17/84 MP: 10/10
  9237 | D:12     | Killed an unseen horror
  9907 | D:12     | Reached skill level 11 in Unarmed Combat
 10193 | D:12     | Reached skill level 12 in Unarmed Combat
 10199 | D:12     | Noticed a green ugly thing
 10208 | D:12     | Killed a green ugly thing
 10436 | D:12     | Found a roughly hewn altar of Beogh.
 10582 | D:12     | Noticed a skeletal warrior
 10588 | D:12     | Noticed a death knight
 10883 | D:11     | Found a staircase to the Lair.
 10887 | D:11     | Reached skill level 13 in Unarmed Combat
 11790 | Lair:1   | Entered Level 1 of the Lair of Beasts
 11855 | Lair:1   | Received a gift from Okawaru
 11876 | Lair:1   | Reached XP level 12. HP: 56/91 MP: 11/11
 12295 | Lair:1   | Noticed an eight-headed hydra
 12310 | Lair:1   | Killed an eight-headed hydra
 13690 | Lair:2   | Noticed Urug
 13698 | Lair:2   | Killed Urug
 14012 | Lair:2   | Received a gift from Okawaru
 15079 | Lair:3   | Reached skill level 15 in Dodging
 15088 | Lair:3   | Reached skill level 1 in Shields
 15390 | Lair:3   | Reached skill level 5 in Shields
 15827 | Lair:4   | Reached XP level 13. HP: 96/96 MP: 12/12
 16777 | Lair:4   | Found a staircase to the Snake Pit.
 16827 | Lair:4   | Found a staircase to the Shoals.
 16851 | Lair:4   | Reached skill level 10 in Shields
 17147 | Lair:4   | Received a gift from Okawaru
 17151 | Lair:4   | Reached skill level 5 in Fighting
 17858 | Lair:5   | Found a labyrinth entrance.
 18249 | Lair:6   | Entered Level 6 of the Lair of Beasts
 18646 | Lair:6   | Received a gift from Okawaru
 18649 | Lair:6   | Got a distressingly furry robe {god gift}
 18664 | Lair:6   | Identified the +2 robe of Tetwoc Ciz {rPois rF+} (Okawaru gifted it to you on level 6 of the Lair of Beasts)
 19113 | Lair:6   | Found a staircase to the Slime Pits.
 19142 | Lair:6   | Reached skill level 10 in Fighting
 19493 | Lair:6   | Reached XP level 14. HP: 122/122 MP: 13/13
 19915 | Lair:6   | Reached ****** piety under Okawaru
 20002 | Lair:6   | Reached skill level 14 in Unarmed Combat
 20308 | Lair:6   | Found a burning altar of Makhleb.
 20344 | Lair:6   | Received a gift from Okawaru
 20393 | Lair:6   | Received a gift from Okawaru
 20396 | Lair:6   | Got a faintly humming hat {god gift}
 20409 | Lair:6   | Identified the +0 hat of the Princeling {Str+2} (Okawaru gifted it to you on level 6 of the Lair of Beasts)
 20610 | Lair:6   | Found a gateway to Hell.
 20833 | Lair:6   | Reached skill level 15 in Unarmed Combat
 21875 | D:12     | Found a staircase to the Orcish Mines.
 21905 | Orc:1    | Entered Level 1 of the Orcish Mines
 22094 | Orc:1    | Found a roughly hewn altar of Beogh.
 22173 | Orc:1    | Found Sutu's Jewellery Emporium.
 22244 | Orc:1    | Noticed Snorg
 22254 | Orc:1    | Killed Snorg
 22439 | Orc:2    | Entered Level 2 of the Orcish Mines
 23151 | D:13     | Reached skill level 16 in Unarmed Combat
 23466 | D:13     | Found a gate to the Vaults.
 24406 | D:13     | Received a gift from Okawaru
 24628 | D:13     | Reached XP level 15. HP: 135/135 MP: 14/14
 26245 | D:15     | Entered Level 15 of the Dungeon
 26290 | D:15     | Received a gift from Okawaru
 26306 | D:15     | Noticed Azrael
 26316 | D:15     | Killed Azrael
 26316 | D:15     | Reached skill level 17 in Unarmed Combat
 26604 | D:15     | Noticed Josephine
 27646 | D:15     | Found a staircase to the Depths.
 27762 | D:15     | Killed Josephine
 27913 | Depths:1 | Entered Level 1 of the Depths
 28813 | Depths:1 | Noticed a lich
 28827 | Depths:2 | Received a gift from Okawaru
 28834 | Depths:2 | Got a brightly glowing hand crossbow {god gift}
 29249 | Depths:1 | Noticed a Hell Sentinel
 29584 | Depths:1 | Killed a lich
 29902 | Depths:1 | Reached XP level 16. HP: 80/144 MP: 9/15
 30117 | Depths:1 | Noticed Saint Roka
 31075 | Depths:1 | Killed Saint Roka
 31075 | Depths:1 | Received a gift from Okawaru
 31075 | Depths:1 | Reached skill level 18 in Unarmed Combat
 31512 | Depths:1 | Found a one-way gate to the infinite horrors of the Abyss.
 31531 | Depths:1 | Noticed a lich
 31543 | Depths:1 | Paralysed by a lich for 6 turns
 31564 | Depths:2 | Paralysed by a lich for 6 turns
 31576 | Depths:2 | Killed a lich
 32616 | Depths:1 | Reached skill level 19 in Unarmed Combat
 32723 | Depths:1 | Found a runed door.
 32859 | Depths:1 | Found a radiant altar of Vehumet.
 32859 | Depths:1 | Noticed an ancient lich
 32859 | Depths:1 | Noticed a lich
 33264 | Depths:1 | Killed an ancient lich
 33264 | Depths:1 | Received a gift from Okawaru
 33264 | Depths:1 | Reached skill level 5 in Invocations
 34086 | Depths:1 | Killed a lich
 34512 | Orc:2    | Found Viumei Veewk's Book Shop.
 34512 | Orc:2    | Found Ereu's Antique Armour Emporium.
 34514 | Orc:2    | Found Hotirhov's Jewellery Shoppe.
 34524 | Orc:2    | Found Carruboe's Armour Boutique.
 34537 | Orc:2    | Bought the +1 cloak of Starlight {rElec rC+ EV+4 Stlth--} for 1468 gold pieces
 34539 | Orc:2    | Bought the ring of Meenekups {rCorr rPois rC+} for 496 gold pieces
 34823 | Orc:2    | Found a staircase to the Elven Halls.
 34832 | Orc:2    | Found Echome Temip's Antique Armour Shoppe.
 34871 | Elf:1    | Entered Level 1 of the Elven Halls
 35948 | Shoals:1 | Entered Level 1 of the Shoals
 36469 | Shoals:1 | Noticed Frances
 36922 | Shoals:1 | Killed Frances
 37363 | Shoals:2 | Gained mutation: Your flesh is cold resistant. (rC+) [potion of beneficial mutation]
 37365 | Shoals:2 | Gained mutation: You are resistant to hostile enchantments. (MR+) [potion of beneficial mutation]
 37589 | Shoals:4 | Entered Level 4 of the Shoals
 37721 | Shoals:4 | Got an ancient bronze ring
 37750 | Shoals:4 | Reached XP level 17. HP: 112/150 MP: 20/20
 37756 | Shoals:4 | Received a gift from Okawaru
 38068 | Shoals:4 | Noticed Ilsuiw
 38129 | Shoals:4 | HP: 3/150 [drowned by a water elemental (8)]
 38129 | Shoals:4 | Mangled by a water elemental

Skill      XL: |  1  2  3  4  5  6  7  8  9 10 11 12 13 14 15 16 17 |
---------------+----------------------------------------------------+-----
Fighting       | 4 10 13 | 13.5
Unarmed Combat | 4 5 6 8 10 13 16 17 19 | 19.0
Dodging        | 4 8 12 15 17 | 17.1
Armour         | 1 3 11 12 13 14 | 14.4
Invocations    | 1 6 |  6.1
Shields        | 6 10 | 10.9
Stealth        | |  1.6

Action                   |  1- 3 |  4- 6 |  7- 9 | 10-12 | 13-15 | 16-18 || total
-------------------------+-------+-------+-------+-------+-------+-------++-------
Melee: Unarmed           |    79 |   126 |   204 |   729 |  1386 |   617 ||  3141
       Headbutt          |    12 |    23 |    44 |   193 |   390 |   177 ||   839
       Punch             |     1 |     1 |    11 |    48 |       |       ||    61
Invok: Heroism           |       |       |     1 |    12 |     9 |     6 ||    28
       Finesse           |       |       |       |       |     4 |     2 ||     6
Evoke: Wand              |       |       |       |       |       |     1 ||     1
  Use: Scroll            |     2 |     8 |     8 |     9 |     5 |     5 ||    37
       Potion            |       |       |       |    10 |     6 |    15 ||    31
 Stab: Sleeping          |     3 |     1 |       |     8 |    13 |       ||    25
       Distracted        |       |       |       |     3 |     1 |       ||     4
  Eat: Chunk             |     1 |     2 |     9 |    23 |    36 |     5 ||    76
       Bread ration      |       |     1 |       |     1 |       |       ||     2
       Fruit             |       |       |       |     2 |    11 |     3 ||    16
       Beef jerky        |       |       |       |     2 |     2 |     2 ||     6
       Royal jelly       |       |       |       |       |       |     6 ||     6
       Pizza             |       |       |       |       |       |     1 ||     1
Armor: Robe              |     2 |       |       |       |       |       ||     2
       Leather armour    |     8 |     8 |       |   208 |   199 |     6 ||   429
       Scale mail        |       |    27 |    22 |       |       |       ||    49
       Ring mail         |       |       |    23 |     1 |       |       ||    24
       Plate armour      |       |       |       |       |       |   166 ||   166
       Crystal plate arm |       |       |       |       |       |    64 ||    64
Dodge: Dodged            |    41 |    58 |   129 |   740 |   824 |   313 ||  2105
Block: Shield            |       |       |       |    37 |   793 |   315 ||  1145
